 Dungeon Crawl Stone Soup version 0.25.1-2-g60ff931df9 (webtiles) character file.

Game seed: 7069360480967935555

97 0gre the Chiller (level 4, 0/31 HPs)
             Began as a Merfolk Ice Elementalist on Nov 27, 2020.
             Slain by a worm (9 damage)
             ... on level 3 of the Dungeon.
             The game lasted 00:09:17 (2337 turns).

0gre the Chiller (Merfolk Ice Elementalist)         Turns: 2337, Time: 00:09:18

Health: 0/31       AC:  2    Str:  9    XL:     4   Next: 68%
Magic:  3/7        EV: 13    Int: 14    God:
Gold:   71         SH:  0    Dex: 14    Spells: 3/7 levels left

rFire    . . .     SeeInvis .   a - +0 spear
rCold    . . .     Gourm    .   (no shield)
rNeg     . . .     Faith    .   e - +0 robe
rPois    .         Spirit   .   (no helmet)
rElec    .         Reflect  .   (no cloak)
rCorr    .         Harm     .   (no gloves)
MR       .....                  (no boots)
Stlth    +++.......             (no amulet)
HPRegen  0.10/turn              i - ring of stealth
MPRegen  0.10/turn              (no ring)

@: frozen ramparts
A: change form in water, swift swim, stealthy swim
a: no special abilities


You were on level 3 of the Dungeon.
You were hungry.

You visited 1 branch of the dungeon, and saw 3 of its levels.

You collected 71 gold pieces.

Inventory:

Hand Weapons
 a - a +0 spear (weapon)
Missiles
 d - 33 arrows
 g - 73 stones
 j - 7 poisoned darts (quivered)
 n - 31 bolts
Armour
 e - a +0 robe (worn)
Jewellery
 i - a ring of stealth (left hand)
Scrolls
 b - 3 scrolls of identify {unknown}
 f - a scroll of fog {unknown}
 l - a scroll of enchant weapon {unknown}
 m - 2 scrolls of remove curse {unknown}
 o - 2 scrolls of teleportation {unknown}
 s - a scroll of enchant armour {unknown}
Potions
 c - a potion of berserk rage {unknown}
 h - a potion of haste {unknown}
 k - a potion of might {unknown}
 p - a potion of lignification {unknown}
 q - a potion of curing {unknown}
 t - a potion of brilliance {unknown}
Comestibles
 r - a chunk of flesh
 z - 2 rations


   Skills:
 + Level 0.6 Fighting
 + Level 2.5 Polearms
 + Level 0.2 Throwing
 + Level 3.0 Dodging
 + Level 2.7 Stealth
 + Level 2.4 Spellcasting
 + Level 5.3 Ice Magic


You had 3 spell levels left.
You knew the following spells:

 Your Spells              Type           Power        Failure   Level  Hunger
a - Freeze                Ice            ###.         2%          1    #......
b - Frozen Ramparts       Ice            ###...       8%          3    ###....

Your spell library contained the following spells:

 Spells                   Type           Power        Failure   Level  Hunger
 Ozocubu's Armour         Chrm/Ice       #.......     22%         3    ###....
 Hailstorm                Conj/Ice       #.......     58%         4    #####..
 Summon Ice Beast         Ice/Summ       #.......     58%         4    #####..


Dungeon Overview and Level Annotations

Branches:
Dungeon (3/15)

Altars:
Sif Muna


Message History

Aim: a worm (moderately wounded)
You freeze the worm. The worm bites you!
You take 9 damage, and have 22/31 hp.
MASSIVE DAMAGE!!
You now have 6/7 mp.
You barely miss the worm. You hit the worm but do no damage.
The worm bites you.
You take 3 damage, and have 19/31 hp.
You hit the worm. You barely miss the worm. The worm barely misses you.
Aim: a worm (heavily wounded)
You freeze the worm. The worm bites you!
* * * LOW HITPOINT WARNING * * *
You take 11 damage, and have 8/31 hp.
MASSIVE DAMAGE!!
You now have 5/7 mp.
The spell is quite dangerous to cast (8% risk of failure)!
Continue anyway?
The walls around you are covered in ice.
You are feeling hungry.
You now have 3/7 mp.
You hit the worm. You hit the worm but do no damage.
The wall freezes the worm.
The worm bites you!
You die...

.......#####.#
.............
...........#
...........#
.$.........# .
...........#
...........#
########w...#
.......@#####
#######.# #......# #
#.###### # #.########
## ##........# .#
.##........#
.#######.##.รท......#
..#......##.########


You could see a worm.

Vanquished Creatures
  A hound (D:2)
  3 adders
  An ooze (D:1)
  A dart slug (D:1)
  2 leopard geckos
  2 giant cockroaches
  6 goblins (D:1)
  A hobgoblin (D:2)
  2 jackals (D:1)
  3 kobolds
  A ball python (D:2)
  4 bats
  2 frilled lizards (D:1)
  6 rats
35 creatures vanquished.

Notes
Turn   | Place    | Note
-------+----------+-------------------------------------------
     0 | D:1      | 0gre the Merfolk Ice Elementalist began the quest for the
                  | Orb.
     0 | D:1      | Reached XP level 1. HP: 13/13 MP: 3/3
   113 | D:1      | Reached XP level 2. HP: 19/19 MP: 5/5
   489 | D:1      | Reached skill level 5 in Ice Magic
   494 | D:1      | Reached skill level 1 in Polearms
   773 | D:1      | Reached XP level 3. HP: 15/24 MP: 4/6
  1351 | D:2      | Learned a level 3 spell: Frozen Ramparts
  1464 | D:2      | Reached XP level 4. HP: 16/31 MP: 3/7
  2124 | D:2      | Found a shimmering blue altar of Sif Muna.
  2337 | D:3      | Slain by a worm

Illustrated notes

Levels and vault maps discovered:
D:1:      shiori_arrival_elements, layout_basic
D:2:      layout_basic, chequers_serial_rivers_small_b, led_sif_pool
D:3:      minmay_goblin_kobold_castle, layout_basic, uniq_sigmund

Skill      XL: |  1  2  3  4 |
---------------+-------------+-----
Ice Magic      | 5 |  5.3
Polearms       | 1 2 |  2.5
Dodging        | 3 |  3.0
Fighting       | |  0.6
Throwing       | |  0.2
Stealth        | |  2.7
Spellcasting   | |  2.4

Action                   |  1- 3 |  4- 6 || total
-------------------------+-------+-------++-------
Melee: Spear             |    46 |    32 ||    78
Throw: Dart              |     5 |     7 ||    12
 Cast: Freeze            |    11 |     7 ||    18
       Frozen Ramparts   |     1 |     1 ||     2
 Stab: Sleeping          |     1 |     4 ||     5
  Eat: Chunk             |     1 |       ||     1
       Ration            |       |     1 ||     1
Armor: Robe              |     5 |     7 ||    12
Dodge: Dodged            |    28 |    19 ||    47
